 Dungeon Crawl Stone Soup version 0.22.0-49-gab54619 (webtiles) character file.

914 dvd the Thaumaturge (level 7, -8/37 HPs)
             Began as a Deep Elf Conjurer on Sept 4, 2018.
             Killed by divine providence
             ... invoked by an orc priest
              (14 damage)
             ... on level 4 of the Dungeon.
             The game lasted 00:15:33 (5769 turns).

dvd the Thaumaturge (Deep Elf Conjurer)             Turns: 5769, Time: 00:15:34

Health: -8/37      AC:  2    Str:  5    XL:     7   Next: 82%
Magic:  9/29       EV: 14    Int: 22    God:
Gold:   96         SH:  0    Dex: 15    Spells: 8/22 levels left

rFire    . . .     SeeInvis .   w - +0 short sword (freeze)
rCold    . . .     Gourm    .   (no shield)
rNeg     . . .     Faith    .   a - +0 robe
rPois    .         Spirit   .   (no helmet)
rElec    .         Reflect  .   (no cloak)
rCorr    .         Harm     .   (no gloves)
MR       .....                  (no boots)
Stlth    ++........             (no amulet)
HPRegen  0.12/turn              s - ring of magical power
MPRegen  0.21/turn              (no ring)

@: no status effects
A: mutation resistance 1
a: no special abilities


You were on level 4 of the Dungeon.
You were not hungry.

You visited 1 branch of the dungeon, and saw 4 of its levels.
You also visited: Sewer.

You collected 96 gold pieces.

Inventory:

Hand Weapons
 k - a +0 flail of holy wrath
 m - a +0 rapier
 w - a +0 short sword of freezing (weapon)
Armour
 a - a +0 robe (worn)
 r - a +0 pair of gloves
Jewellery
 s - a ring of magical power (left hand)
Wands
 t - a wand of polymorph (1)
Scrolls
 g - 6 scrolls of teleportation {unknown}
 h - 3 scrolls of identify {unknown}
 j - a scroll of enchant weapon {unknown}
 l - a scroll of amnesia {unknown}
 n - a scroll of fear {unknown}
 q - a scroll of fog {unknown}
Potions
 b - a potion of lignification {unknown}
 d - 2 potions of heal wounds {unknown}
 e - 2 potions of haste {unknown}
 f - a potion of degeneration {unknown}
 i - 2 potions of mutation
 o - 2 potions of brilliance {unknown}
 p - a potion of might {unknown}
 u - a potion of curing {unknown}
Comestibles
 c - 7 rations
 v - 3 chunks of flesh


   Skills:
 + Level 0.6 Fighting
 + Level 4.1 Dodging
 + Level 3.3 Stealth
 + Level 8.0 Spellcasting
 + Level 7.7 Conjurations
 + Level 1.0 Hexes


You had 8 spell levels left.
You knew the following spells:

 Your Spells              Type           Power        Failure   Level  Hunger
a - Magic Dart            Conj           ####         1%          1    None
b - Searing Ray           Conj           #####.       1%          2    None
c - Dazzling Spray        Conj/Hex       ####..       3%          3    None
d - Iskenderun's Mystic   Conj           #####...     3%          4    ###....
e - Force Lance           Conj/Tloc      ####....     16%         4    ###....

Your spell library contained the following spells:

 Spells                   Type           Power        Failure   Level  Hunger
 Fulminant Prism          Conj/Hex       ####......   12%         4    ###....


Dungeon Overview and Level Annotations

Branches:
Dungeon (4/15)
 Temple: D:4-7

Altars:
Ashenzari
Fedhas
Ru


Innate Abilities, Weirdness & Mutations

You are somewhat resistant to further mutation.


Message History

Okay, then.
Unknown command.
Wear which item? (? for menu, Esc to quit)
Keep equipping yourself? [Y]es or [N]o only, please.
Keep equipping yourself? [Y]es or [N]o only, please.
Keep equipping yourself?
You stop putting on your armour.
Unknown command.
The orc priest invokes the aid of Beogh against you.
Beogh smites you!
* * * LOW HITPOINT WARNING * * *
Okay, then.
Unknown command.
It was a potion of mutation.
You feel extremely strange.
You feel genetically stable.
The orc priest calls down the wrath of Beogh upon you.
Beogh smites you!
You die...

#......# #..†...# ##..≈...# .
##.......# #.....# .# ##
##≈.##'##### #...... .#
.###≈≈.##.....# #.....#..
.≈##≈≈≈######'########.o...#. ##
≈.≈#≈≈## #...............' .|#.
≈.≈#≈.######....@..).).))..#..Y..
≈.≈#≈.#..............!##......o..
≈.≈#≈.#.......#######..)..####
≈≈≈#≈≈#.......#### #........#
≈≈≈#≈≈#..........# #......#o#
#...≈.##########.# ####...#.#
##..≈## #.###########o# .######
#..........<.Z# ....#.#
###############


You could see an orc priest.

Vanquished Creatures
  Grinder (D:4)
  A sky beast (D:4)
  6 orc priests
  2 orc wizards (D:3)
  An iguana (D:4)
  2 worker ants (D:4)
  A hound skeleton (D:4)
  8 adders
  6 gnolls (D:3)
  A howler monkey skeleton (D:4)
  A shadow imp (D:2)
  An ooze (D:2)
  An adder skeleton (D:4)
  2 worms
  2 dart slugs
  7 leopard geckos
  18 orcs
  6 ball pythons
  9 bats
  8 giant cockroaches
  8 goblins
  6 hobgoblins
  17 jackals
  11 kobolds
  A quokka (D:3)
  9 frilled lizards
  3 rats
  3 plants (Sewer)
142 creatures vanquished.

Vanquished Creatures (others)
  A plant (Sewer)
1 creature vanquished.

Grand Total: 143 creatures vanquished

Notes
Turn   | Place    | Note
-------+----------+-------------------------------------------
     0 | D:1      | dvd the Deep Elf Conjurer began the quest for the Orb.
     0 | D:1      | Reached XP level 1. HP: 10/10 MP: 6/6
   204 | D:1      | Reached XP level 2. HP: 15/15 MP: 1/8
   448 | D:1      | Reached skill level 5 in Conjurations
   595 | D:2      | Learned a level 2 spell: Searing Ray
   674 | D:2      | Reached XP level 3. HP: 19/19 MP: 3/9
  1177 | D:2      | Learned a level 3 spell: Dazzling Spray
  1185 | D:2      | Reached XP level 4. HP: 24/24 MP: 7/11
  1333 | D:2      | Reached skill level 4 in Spellcasting
  1444 | D:2      | Reached XP level 5. HP: 27/28 MP: 7/13
  2172 | D:3      | Reached skill level 5 in Spellcasting
  2635 | D:3      | Reached XP level 6. HP: 32/32 MP: 10/15
  2999 | D:3      | Learned a level 4 spell: Iskenderun's Mystic Blast
  3004 | D:3      | Learned a level 4 spell: Force Lance
  3535 | D:4      | Found a glowing drain.
  3669 | Sewer    | Entered a sewer
  3679 | Sewer    | Reached skill level 6 in Spellcasting
  4875 | D:4      | Noticed Grinder
  4926 | D:4      | Noticed a sky beast
  5177 | D:4      | Found a blossoming altar of Fedhas.
  5221 | D:4      | Found a sacrificial altar of Ru.
  5221 | D:4      | Found a shattered altar of Ashenzari.
  5529 | D:4      | Reached XP level 7. HP: 37/37 MP: 18/18
  5642 | D:4      | Killed Grinder
  5642 | D:4      | Reached skill level 7 in Spellcasting
  5642 | D:4      | Reached skill level 1 in Hexes
  5756 | D:4      | Reached skill level 8 in Spellcasting
  5769 | D:4      | Gained mutation: You are somewhat resistant to further
                  | mutation. [potion of mutation]
  5769 | D:4      | Killed from afar by an orc priest

Skill      XL: |  1  2  3  4  5  6  7 |
---------------+----------------------+-----
Conjurations   | 5 6 7 |  7.7
Spellcasting   | 4 5 6 8 |  8.0
Dodging        | 3 4 |  4.1
Stealth        | 3 |  3.3
Hexes          | 1 |  1.0
Fighting       | |  0.6

Action                   |  1- 3 |  4- 6 |  7- 9 || total
-------------------------+-------+-------+-------++-------
Melee: Unarmed           |       |     1 |       ||     1
       Rapier            |       |   360 |       ||   360
 Cast: Magic Dart        |    55 |    80 |     3 ||   138
       Searing Ray       |     6 |    33 |     5 ||    44
       Iskenderun's Myst |       |     9 |     5 ||    14
       Dazzling Spray    |       |     3 |     1 ||     4
  Use: Potion            |       |       |     1 ||     1
 Stab: Sleeping          |       |     1 |       ||     1
  Eat: Chunk             |     1 |    12 |     2 ||    15
       Ration            |       |     1 |       ||     1
Armor: Robe              |     3 |    12 |       ||    15
Dodge: Dodged            |    14 |    65 |       ||    79
